 Dungeon Crawl Stone Soup version 0.26-a0-651-gb41185065b (webtiles) character file.

Game seed: 18297993698879506293

84 loralnil the Shield-Bearer (level 4, -1/37 HPs)
             Began as a Formicid Fighter on Oct 21, 2020.
             Slain by Natasha (4 damage)
             ... on level 2 of the Dungeon.
             The game lasted 00:01:41 (1746 turns).

loralnil the Shield-Bearer (Formicid Fighter)       Turns: 1746, Time: 00:01:42

Health: -1/37      AC:  7    Str: 21    XL:     4   Next: 74%
Magic:  4/4        EV:  8    Int:  8    God:
Gold:   67         SH:  9    Dex: 10    Spells: 3/3 levels left

rFire    . . .     SeeInvis +   a - +0 long sword
rCold    . . .     Faith    .   c - +0 kite shield
rNeg     . . .     Spirit   .   b - +0 scale mail
rPois    .         Reflect  .   (helmet unavailable)
rElec    .         Harm     .   (no cloak)
rCorr    .         Rampage  .   (no gloves)
MR       .....                  (no boots)
Stlth    ..........             (no amulet)
HPRegen  0.12/turn              (no ring)
MPRegen  0.09/turn              (no ring)

@: no status effects
A: permanent stasis, dig shafts and tunnels, four strong arms, antennae 3
a: Dig, Shaft Self


You were on level 2 of the Dungeon.
You visited 1 branch of the dungeon, and saw 2 of its levels.

You collected 67 gold pieces.

Inventory:

Hand Weapons
 a - a +0 long sword (weapon)
Armour
 b - a +0 scale mail (worn)
 c - a +0 kite shield (worn)
Scrolls
 f - a scroll of fear {unknown}
 g - 2 scrolls of enchant armour {unknown}
 i - 2 scrolls of fog {unknown}
 k - a scroll of enchant weapon {unknown}
 l - a scroll of blinking {unknown}
 m - a scroll of teleportation {unknown}
 n - a scroll of identify {unknown}
Potions
 d - a potion of might
 e - a potion of stabbing {unknown}
 h - a potion of curing {unknown}
 j - a potion of lignification {unknown}


   Skills:
 + Level 4.0 Fighting
 + Level 2.8 Long Blades
 + Level 4.0 Armour
 + Level 4.4 Shields


You had 3 spell levels left.
You didn't know any spells.
Your spell library was empty.

Dungeon Overview and Level Annotations

Branches:
Dungeon (2/15)

Altars:
Qazlal

Annotations:
D:2 Natasha


Innate Abilities, Weirdness & Mutations

You cannot be hasted, slowed, berserked, paralysed or teleported.
You can dig through walls and to a lower floor.
Your four strong arms can wield two-handed weapons with a shield.
You have a pair of large antennae on your head. (SInv)


Message History

Natasha barely misses you.
The white imp hits you but does no damage.
You block Natasha's attack.
You hit Natasha.
Natasha is severely wounded.
The white imp gestures at you. The puff of frost hits you.
* * * LOW HITPOINT WARNING * * *
You block Natasha's attack.
The white imp hits you but does no damage.
You barely miss Natasha.
Natasha is severely wounded.
You block Natasha's attack. The white imp closely misses you.
You closely miss Natasha.
Natasha is severely wounded.
The white imp disappears in a puff of smoke!
Natasha claws you!
* * * LOW HITPOINT WARNING * * *
Natasha claws you.
You die...

### #.# #.. #.# ###.#
#.# #○... #.# ###....
#.# #...._. #.# #.#....
#.############.###.#≈...
#....Sh@§..........###.#
##############.######...
##.## ##.# #...######..
#.#.........
#...######## #####


You could see Natasha and an adder.

Vanquished Creatures
  A gnoll (D:1)
  2 adders (D:2)
  An ooze (D:1)
  3 dart slugs (D:1)
  4 leopard geckos
  An orc (D:2)
  5 bats (D:1)
  4 hobgoblins
  4 jackals (D:1)
  A ball python (D:1)
  A frilled lizard (D:1)
  4 goblins
  6 kobolds
  6 rats (D:1)
43 creatures vanquished.

Notes
Turn   | Place    | Note
-------+----------+-------------------------------------------
     0 | D:1      | loralnil the Formicid Fighter began the quest for the Orb.
     0 | D:1      | Reached XP level 1. HP: 18/18 MP: 1/1
   228 | D:1      | Reached XP level 2. HP: 13/24 MP: 2/2
   602 | D:1      | Reached XP level 3. HP: 29/29 MP: 3/3
  1007 | D:1      | Reached XP level 4. HP: 37/37 MP: 4/4
  1702 | D:2      | Found a stormy altar of Qazlal.
  1733 | D:2      | Noticed Natasha
  1746 | D:2      | Slain by Natasha

Illustrated notes

Levels and vault maps discovered:
D:1:      psy_arrival_heroes, layout_basic
D:2:      layout_loops_ring, grunt_qazlal_clouds, uniq_natasha

Skill      XL: |  1  2  3  4 |
---------------+-------------+-----
Shields        | 4 |  4.4
Fighting       | 4 |  4.0
Armour         | 4 |  4.0
Long Blades    | |  2.8

Action                   |  1- 3 |  4- 6 || total
-------------------------+-------+-------++-------
Melee: Long sword        |    86 |    57 ||   143
Armor: Scale mail        |    47 |    23 ||    70
Dodge: Dodged            |    46 |    17 ||    63
Block: Kite shield       |    63 |    29 ||    92
       Rpst.: Long sword |    16 |     4 ||    20

Table legend: (Time is in decaauts)
 A = Elapsed time spent in this place.
 B = Non-inter-level travel time spent in this place.
 C = Inter-level travel time spent in this place.
 D = Time resting spent in this place.
 E = Time spent auto-exploring this place.
 F = Levels seen in this place.
 G = Mean time per level.
                   A        B        C        D        E       F      G
               +--------+--------+--------+--------+--------+-----+--------+
         Total |   1794 |   1767 |     27 |      0 |   1444 |   2 |  897.0 |
       Dungeon |   1794 |   1767 |     27 |      0 |   1444 |   2 |  897.0 |
               +--------+--------+--------+--------+--------+-----+--------+

Top non-repeatable levels by time:
     D:1: 1238 daAuts
     D:2: 556 daAuts
